Map: [ESL] Babylon

Players

Lambo

  • Race: Zerg Zerg
  • Spawn Location: 5:00

SKillous - Winner!

  • Race: Protoss Protoss
  • Spawn Location: 11:00

Event: ESL SC2 Masters 2023 Summer (Regionals)

VOD

Have the link to the VOD?

Description

Time

  • Played on: May 6, 2023, 12:31 p.m.
  • Length: 11:40

All games in this series

Show
View Real Time Build Order
Export as new Build Order

Lambo Zerg 

Build Orders: Hatch First 

Get SALT Encoding   

  12  0:00  Drone  
  13  0:12  Overlord  
  13  0:16  Drone  
  14  0:30  Drone x2  
  16  0:41  Drone  
  17  0:51  Hatchery  
  17  0:55  Drone  
  17  0:58  Drone  
  18  1:08  Extractor  
  17  1:13  Spawning Pool  
  17  1:16  Drone  
  17  1:20  Drone  
  18  1:29  Drone  
  19  1:38  Drone  
  20  1:50  Overlord  
  20  1:59  Queen  
  22  2:02  Queen  
  22  2:04  Drone, Zergling x2  
  26  2:09  Metabolic Boost  
  26  2:11  Zergling x2  
  27  2:18  Drone  
  28  2:23  Drone  
  28  2:26  Drone  
  30  2:32  Drone  
  31  2:41  Hatchery  
  30  2:44  Drone  
  30  2:47  Drone  
  30  2:49  Overlord  
  32  2:56  Zergling x2  
  32  2:57  Queen  
  35  3:01  Drone  
  34  3:15  Spore Crawler  
  34  3:18  Drone x4  
  36  3:25  Queen, Drone  
  36  3:26  Drone x2  
  42  3:29  Drone  
  42  3:32  Overlord  
  43  3:45  Roach Warren  
  43  3:48  Drone  
  43  3:49  Overlord  
  43  3:50  Queen, Drone  
  43  3:51  Drone  
  43  3:54  Drone  
  43  3:55  Drone  
  49  4:00  Drone  
  49  4:02  Queen  
  52  4:05  Drone  
  52  4:07  Overlord  
  53  4:13  Zergling x6  
  56  4:21  Queen  
  56  4:23  Zergling x8  
  62  4:28  Overlord  
  62  4:30  Roach  
  66  4:31  Roach  
  66  4:35  Roach  
  66  4:36  Roach  
  70  4:40  Roach  
  70  4:43  Overlord  
  72  4:46  Overlord  
  72  4:50  Roach x2  
  76  5:02  Drone  
  76  5:03  Drone x2, Overlord  
  76  5:06  Extractor, Roach  
  76  5:07  Roach  
  82  5:13  Overlord x2  
  82  5:14  Spore Crawler  
  82  5:19  Roach  
  84  5:23  Overlord  
  84  5:26  Overlord  
  82  5:31  Roach x2  
  82  5:32  Drone x4  
  88  5:38  Drone x6  
  88  5:39  Extractor  
  93  5:43  Drone x3  
  96  5:51  Roach x2, Drone  
  101  6:00  Drone  
  101  6:02  Lair  
  101  6:03  Drone x2  
  101  6:04  Extractor, Evolution Chamber  
  102  6:06  Extractor, Overlord  
  102  6:10  Roach  
  103  6:12  Roach  
  103  6:18  Roach x2  
  109  6:22  Roach  
  111  6:27  Roach x2  
  113  6:33  Roach x3  
  113  6:34  Overlord  
  115  6:40  Roach x4  
  115  6:46  Overlord  
  119  6:50  Overlord  
  119  6:54  Roach x3  
  125  6:56  Drone x3  
  128  7:02  Glial Reconstitution  
  128  7:04  Drone x5  
  133  7:09  Zerg Missile Weapons Level 1, Overlord  
  133  7:13  Overlord  
  133  7:15  Roach x2  
  137  7:20  Overlord  
  137  7:21  Overseer  
  137  7:26  Roach x3  
  137  7:28  Drone  
  144  7:35  Overlord  
  142  7:37  Roach  
  142  7:38  Roach x3  
  148  7:49  Overlord x2  
  148  7:50  Roach x4  
  156  7:56  Overlord  
  150  8:01  Ravager x4  
  159  8:05  Roach x3  
  159  8:11  Ravager  
  160  8:13  Zergling x14  
  160  8:16  Ravager  
  160  8:18  Roach  
  170  8:23  Roach x2  
  170  8:24  Roach  
  176  8:30  Roach x2  
  182  8:34  Roach x3  
  182  8:39  Ravager  
  185  8:41  Overlord  
  188  8:48  Roach x5  
  188  8:52  Roach x2  
  180  8:56  Roach  
  180  8:57  Roach  
  180  9:01  Zergling x6  
  165  9:11  Roach x5  
  150  9:20  Roach x5  
  150  9:23  Roach  
  140  9:25  Roach  
  140  9:28  Roach x2  
  130  9:34  Drone x4  
  130  9:36  Drone  
  136  9:38  Drone  
  136  9:42  Extractor  
  136  9:45  Infestation Pit  
  131  9:48  Drone x2  
  131  9:51  Zergling x4  
  128  9:56  Roach x2  
  128  9:59  Drone  
  132  10:00  Drone x2  
  132  10:02  Roach  
  132  10:05  Roach x2  
  140  10:07  Roach  
  140  10:08  Ravager  
  140  10:13  Roach x2  
  147  10:16  Roach x2  
  147  10:21  Roach x2  
  154  10:24  Hydralisk Den  
  154  10:35  Roach  
  154  10:36  Roach x3  
  154  10:41  Roach x3  
  154  10:42  Roach  
  145  10:45  Roach  
  145  10:49  Roach x2  
  143  10:58  Hatchery  
  142  11:05  Drone x2  
  142  11:06  Drone, Lurker Den  
  142  11:07  Drone x2  
  142  11:08  Roach x2  
  150  11:16  Roach x4  
  136  11:21  Roach x3  
Show
View Real Time Build Order
Export as new Build Order

SKillous Protoss - Winner!

Build Orders: 1 Gate Expand, Mass Adepts 

Get SALT Encoding   

  12  0:00  Probe  
  13  0:13  Pylon  
  13  0:18  Probe (Chrono Boost)  
  14  0:27  Probe (Chrono Boost)  
  15  0:32  Probe (Chrono Boost)  
  16  0:39  Gateway  
  16  0:44  Probe  
  16  0:49  Assimilator  
  17  0:56  Probe  
  18  1:08  Probe  
  19  1:20  Probe  
  20  1:26  Nexus  
  20  1:36  Cybernetics Core  
  20  1:39  Probe  
  21  1:45  Assimilator  
  21  1:51  Probe  
  21  1:53  Pylon  
  22  2:03  Probe (Chrono Boost)  
  23  2:10  Adept (Chrono Boost)  
  23  2:13  Warp Gate  
  26  2:15  Probe (Chrono Boost)  
  26  2:22  Twilight Council  
  26  2:24  Probe (Chrono Boost)  
  27  2:33  Stalker  
  30  2:38  Probe (Chrono Boost)  
  30  2:41  Probe (Chrono Boost)  
  31  2:48  Probe (Chrono Boost)  
  31  2:50  Probe (Chrono Boost)  
  33  2:53  Robotics Facility  
  33  2:55  Probe  
  34  3:00  Probe  
  34  3:04  Gateway  
  35  3:08  Probe  
  35  3:10  Resonating Glaives (Chrono Boost)  
  36  3:18  Adept  
  39  3:24  Probe  
  39  3:25  Gateway  
  40  3:30  Gateway  
  39  3:37  Probe x2  
  39  3:39  Warp Prism (Chrono Boost)  
  41  3:47  Pylon  
  43  3:49  Probe  
  43  3:51  Probe  
  43  3:55  Pylon  
  45  4:05  Adept x2  
  45  4:06  Probe  
  45  4:07  Probe  
  45  4:09  Pylon, Observer  
  52  4:23  Shield Battery  
  52  4:26  Adept x4  
  60  4:36  Immortal  
  64  4:46  Adept x3  
  64  4:50  Pylon  
  70  4:53  Pylon  
  68  5:03  Nexus  
  68  5:14  Adept x2  
  68  5:15  Adept x2  
  68  5:17  Probe  
  77  5:23  Immortal (Chrono Boost)  
  79  5:32  Probe x2  
  79  5:35  Pylon  
  79  5:44  Probe x2  
  81  5:50  Assimilator  
  81  5:51  Assimilator  
  81  5:56  Probe (Chrono Boost)  
  82  6:00  Adept x4  
  82  6:01  Probe (Chrono Boost)  
  91  6:08  Probe (Chrono Boost), Forge  
  93  6:13  Probe (Chrono Boost)  
  93  6:18  Probe (Chrono Boost)  
  95  6:22  Probe (Chrono Boost), Blink  
  95  6:24  Probe (Chrono Boost)  
  96  6:29  Probe (Chrono Boost)  
  97  6:43  Probe x2 (Chrono Boost)  
  97  6:44  Probe (Chrono Boost)  
  100  6:52  Stalker x4, Protoss Ground Weapons Level 1 (Chrono Boost)  
  109  6:57  Pylon  
  109  7:00  Probe (Chrono Boost), Pylon  
  109  7:03  Robotics Bay  
  109  7:12  Pylon  
  109  7:14  Assimilator  
  109  7:17  Stalker x2  
  109  7:18  Stalker x2  
  109  7:20  Shield Battery  
  109  7:22  Shield Battery  
  117  7:23  Probe x2 (Chrono Boost)  
  117  7:26  Probe (Chrono Boost)  
  120  7:31  Assimilator  
  120  7:34  Probe x2 (Chrono Boost)  
  122  7:42  Pylon  
  122  7:43  Pylon  
  125  7:50  Shield Battery x2  
  125  7:51  Disruptor, Stalker x3  
  128  7:52  Shield Battery  
  127  7:59  Shield Battery  
  127  8:00  Photon Cannon  
  127  8:01  Pylon  
  127  8:04  Shield Battery  
  123  8:10  Sentry  
  123  8:12  Probe x2  
  127  8:16  Stalker x3  
  133  8:21  Probe  
  134  8:27  Disruptor (Chrono Boost), Gateway  
  134  8:28  Gateway  
  137  8:37  Probe  
  137  8:38  Stalker  
  136  8:42  Stalker x3  
  136  8:44  Pylon  
  142  8:54  Protoss Ground Weapons Level 2  
  138  8:56  Gateway  
  138  8:57  Gateway  
  138  9:00  Disruptor (Chrono Boost)  
  141  9:03  Stalker  
  141  9:07  Stalker  
  141  9:08  Stalker  
  119  9:21  Stalker x2  
  119  9:22  Probe  
  113  9:27  Stalker x2  
  113  9:29  Probe  
  107  9:33  Disruptor (Chrono Boost)  
  108  9:42  Stalker x2  
  108  9:44  Pylon  
  112  9:49  Stalker x2  
  112  9:50  Stalker x2  
  120  9:58  Probe  
  121  10:05  Stalker  
  123  10:07  Nexus  
  123  10:09  Pylon  
  123  10:12  Pylon  
  123  10:21  Stalker x3  
  135  10:25  Pylon  
  133  10:29  Disruptor (Chrono Boost)  
  133  10:32  Stalker x4  
  128  10:46  Stalker x2  
  128  10:47  Stalker x2  
  132  10:57  Stalker  
  132  10:58  Disruptor (Chrono Boost), Stalker x3  
  143  11:11  Forge  
  122  11:27  Stalker  
  122  11:28  Stalker x5  
  128  11:32  Stalker  
  128  11:35  Stalker  
Tags
 
Add a new tag
Caveats
  • Supply blocks, unpowered buildings, or Contaminate may cause inaccurate times.
  • Supply counts are checked every 10 seconds.